cohdb
Replays
Latest Replays
All Replays
Popular Replays
Top Player Replays
Match Explorer
How It Works
Community
CoH3 Stats
Reddit
Sign in to upload your games and track your stats! →
Sign in with Steam
Match 45758808
Unlisted
Match 45758808
Overview
Messages
Build Orders
End
Kradschützen Motorcycle Team
Panzerpioneer Squad
Selects Battlefield Espionage Battlegroup
250 Light Carrier
Panzerpioneer Squad
Construct Light Support Kompanie
Selects Intel Disruption Beacon
Construct Mechanized Kompanie
Panzerpioneer Squad
Vehicle Survival Package
8 Rad Armored Car
Alloyzy Klex®
SEPH
AlexanderTheGr8
Thalandor
0
0
Comments
sign in to comment!
No comments posted yet!